 Dungeon Crawl Stone Soup version 0.15.0-31-geb66e34 (webtiles) character file.

151 Rhoefr the Cutter (level 5, 0/32 HPs)
             Began as a Kobold Berserker on Sept 14, 2014.
             Was a Priest of Trog.
             Succumbed to WildSam's ghost's poison
             ... on Level 3 of the Dungeon.
             The game lasted 00:13:58 (2824 turns).

Rhoefr the Cutter (Kobold Berserker)                Turns: 2824, Time: 00:13:58

HP   0/32        AC  3     Str 15      XL: 5   Next: 59%
MP   5/5         EV 14     Int  5      God: Trog [***...]
Gold 113         SH  0     Dex 17      Spells:  0 memorised,  4 levels left

rFire  + . .     SeeInvis +     a - +1 short sword
rCold  . . .     Clarity  .     d - +0 leather armour (curse)
rNeg   + . .     rCorr    .     (no shield)
rPois  .         rRot     .     (no helmet)
rElec  .         Spirit   .     (no cloak)
SustAb .         Warding  +     (no gloves)
rMut   .         Stasis   .     (no boots)
Gourm  .                        k - amulet of warding
MR     ++...                    m - ring of see invisible
                                e - ring of protection from fire

@: lethally poisoned, exhausted, regenerating, slowed, very slow, very resistant
to hostile enchantments, very unstealthy
A: carnivore 3
a: Burn Spellbooks, Berserk, Trog's Hand, Renounce Religion


You were on level 3 of the Dungeon.
You worshipped Trog.
Trog was most pleased with you.
You were full.

You visited 1 branch of the dungeon, and saw 4 of its levels.

You collected 113 gold pieces.

Inventory:

Hand weapons
 a - a +1 short sword (weapon)
Missiles
 o - 5 tomahawks (quivered)
Armour
 b - a +1 animal skin
 d - a cursed +0 leather armour (worn)
Magical devices
 h - a wand of flame (15) {unknown}
 p - a wand of random effects (5)
Comestibles
 c - 5 meat rations
 l - a beef jerky
Scrolls
 j - a scroll of teleportation
Jewellery
 e - a ring of protection from fire (left hand)
 k - an amulet of warding (around neck)
 m - a ring of see invisible (right hand)
Potions
 f - a potion of curing {unknown}
 g - a potion of restore abilities
 i - a potion of agility {unknown}
 n - a potion of magic {unknown}


   Skills:
 - Level 3.5 Fighting
 + Level 7.2 Short Blades
 - Level 1.5 Armour
 - Level 3.0 Dodging


You had 4 spell levels left.
You didn't know any spells.

Dungeon Overview and Level Annotations

Branches:
Dungeon (4/15)
 Temple: D:4-7

Altars:

Annotations:
D:4 WildSam's ghost, experienced DsAr


Innate Abilities, Weirdness & Mutations

You are small and have problems with some larger weapons.
You are carnivorous and can eat meat at any time.


Message History

You feel yourself slow down.
You see here a rat corpse.
You feel sick.
There is a stone staircase leading up here.
You feel sick. WildSam's ghost hits you.
You are lethally poisoned!
The orc hits you from afar with a trident.
* * * LOW HITPOINT WARNING * * *
WildSam's ghost hits you.
* * * LOW HITPOINT WARNING * * *
You are more poisoned.
You climb upwards.
* * * LOW HITPOINT WARNING * * *
You feel very sick.
There is a stone staircase leading down here.
Use which ability? (? or * to list)
Your skin crawls.
You feel resistant to hostile enchantments.
You feel slightly less full.
You die...

...# ####...#...##.............
...# #....#.#.#..###..#########
#(.#####.####...##......# #
##...##...# #....#...#..## ##
####......# ##.....#..#..# ####.
######....####..#...#.#..####)...
............................)....
########.#######.####....####....
# ##.......@# ##...## #.... #
#........# ##...# ##### #
#........# #...# #........# #...#
#........# #...# ########## #####


There were no monsters in sight!

Vanquished Creatures
  A hound (D:4)
  Jessica (D:2)
  Terence (D:3)
  An adder (D:2)
  A worm (D:2)
  2 giant geckos
  An ooze (D:1)
  8 orcs
  8 bats
  2 giant cockroaches (D:1)
  10 hobgoblins
  4 ball pythons
  3 giant newts
  9 goblins
  8 kobolds
  9 rats
69 creatures vanquished.

Notes
Turn   | Place    | Note
--------------------------------------------------------------
     0 | D:1      | Rhoefr, the Kobold Berserker, began the quest for the Orb.
     0 | D:1      | Reached XP level 1. HP: 14/14 MP: 1/1
   279 | D:1      | Reached XP level 2. HP: 16/19 MP: 2/2
   566 | D:1      | Acquired Trog's second power
   566 | D:1      | Reached XP level 3. HP: 20/23 MP: 3/3
  1065 | D:1      | Reached skill level 5 in Short Blades
  1646 | D:2      | Reached XP level 4. HP: 28/28 MP: 4/4
  1706 | D:2      | Noticed Jessica
  1714 | D:2      | Killed Jessica
  1714 | D:2      | Reached skill level 6 in Short Blades
  2194 | D:3      | Noticed Terence
  2227 | D:3      | Killed Terence
  2227 | D:3      | Reached XP level 5. HP: 22/32 MP: 5/5
  2799 | D:4      | Noticed WildSam's ghost (experienced DsAr)
  2803 | D:4      | Reached skill level 7 in Short Blades
  2823 | D:3      | HP: 1/32 [poisoned by WildSam's ghost]
  2824 | D:3      | Succumbed to WildSam's ghost's poison

Action                   |  1- 3 |  4- 6 || total
-------------------------+-------+-------++-------
Melee: Short sword       |   122 |   104 ||   226
Invok: Berserk           |     7 |     5 ||    12
       Trog's Hand       |     1 |     5 ||     6
Evoke: Wand              |       |     1 ||     1
  Use: Scroll            |     2 |     6 ||     8
  Eat: Chunk             |    14 |    10 ||    24
